 Dungeon Crawl Stone Soup version 0.23.1 (webtiles) character file.

Game seed: 0

437 misha the Spear-Bearer (level 7, -8/59 HPs)
             Began as a Merfolk Berserker on Mar 3, 2019.
             Was a Priest of Trog.
             Mangled by a gnoll
             ... wielding a +0 spear of flaming
              (9 damage)
             ... on level 3 of the Dungeon.
             The game lasted 00:06:23 (3506 turns).

misha the Spear-Bearer (Merfolk Berserker)          Turns: 3506, Time: 00:06:24

Health: -8/59      AC:  2    Str: 19    XL:     7   Next: 1%
Magic:  7/7        EV: 13    Int:  7    God:    Trog [***...]
Gold:   167        SH:  0    Dex: 13    Spells: 6/6 levels left

rFire    . . .     SeeInvis .   a - +0 spear
rCold    . . .     Gourm    .   (no shield)
rNeg     . . .     Faith    .   b - +0 animal skin
rPois    .         Spirit   .   (no helmet)
rElec    .         Reflect  .   (no cloak)
rCorr    .         Harm     .   (no gloves)
MR       .....                  (no boots)
Stlth    +.........             (no amulet)
HPRegen  0.19/turn              (no ring)
MPRegen  0.10/turn              (no ring)

@: berserk cooldown, slowed, very slow
A: change form in water, swift swim, stealthy swim
a: Berserk, Trog's Hand, Renounce Religion


You were on level 3 of the Dungeon.
You worshipped Trog.
Trog was most pleased with you.
You were very hungry.

You visited 1 branch of the dungeon, and saw 3 of its levels.

You collected 167 gold pieces.

Inventory:

Hand Weapons
 a - a +0 spear (weapon)
 t - a +0 war axe of chopping
Missiles
 l - 20 poisoned needles
 m - 166 stones (quivered)
 r - 2 tomahawks of returning
 v - 22 sling bullets
Armour
 b - a +0 animal skin (worn)
Jewellery
 e - an uncursed ring of protection from fire {unknown}
 k - a +1 ring of evasion {unknown}
Scrolls
 f - a scroll of remove curse {unknown}
 g - 6 scrolls of identify {unknown}
 j - a scroll of noise {unknown}
 n - 3 scrolls of amnesia {unknown}
 o - 5 scrolls of teleportation {unknown}
 w - a scroll of magic mapping {unknown}
 x - a scroll of fear {unknown}
Potions
 d - 2 potions of heal wounds {unknown}
 h - a potion of degeneration {unknown}
 i - 2 potions of agility {unknown}
 p - 3 potions of curing {unknown}
 q - 2 potions of lignification {unknown}
 s - a potion of mutation {unknown}
 u - a potion of brilliance {unknown}
Comestibles
 c - 5 rations


   Skills:
 * Level 6.3 Fighting
 * Level 8.3 Polearms
 - Level 1.4 Armour
 - Level 2.8 Dodging


You had 6 spell levels left.
You didn't know any spells.
Your spell library was empty.

Dungeon Overview and Level Annotations

Branches:
Dungeon (3/15)

Altars:


Message History

The gnoll hits you from afar with a +0 spear of flaming.
* * * LOW HITPOINT WARNING * * *
The gnoll burns you.
* * * LOW HITPOINT WARNING * * *
The gnoll closely misses you.
You puncture the gnoll!
You kill the gnoll!
Trog accepts your kill.
You have reached level 7!
You are no longer berserk.
You are exhausted.
You feel yourself slow down. The gnoll misses you.
The gnoll hits you with a +0 spear of flaming.
* * * LOW HITPOINT WARNING * * *
The gnoll burns you.
* * * LOW HITPOINT WARNING * * *
Things that are here:
a +3 spear; a gnoll corpse The gnoll hits you from afar with a +0 spear of flaming!
You die...

#############
....$gg)@)..#
###########.# #.# #.# #.#
#####.# #...#.###########
##.#######...#.#.........#
..................>####.##


You could see 2 gnolls.

Vanquished Creatures
  Grinder (D:3)
  A gnoll sergeant (D:3)
  A centaur zombie (D:2)
  A hound zombie (D:3)
  2 gnolls (D:3)
  3 adders
  2 oozes
  2 worms
  3 dart slugs
  A leopard gecko (D:1)
  10 bats
  3 giant cockroaches
  7 goblins
  13 hobgoblins
  9 kobolds
  5 frilled lizards
  5 rats (D:3)
69 creatures vanquished.

Notes
Turn   | Place    | Note
-------+----------+-------------------------------------------
     0 | D:1      | misha the Merfolk Berserker began the quest for the Orb.
     0 | D:1      | Reached XP level 1. HP: 18/18 MP: 1/1
   325 | D:1      | Reached XP level 2. HP: 20/24 MP: 2/2
   349 | D:1      | Reached skill level 5 in Polearms
   995 | D:1      | Reached XP level 3. HP: 27/30 MP: 3/3
  1085 | D:1      | Reached ** piety under Trog
  1973 | D:2      | Reached skill level 6 in Polearms
  1973 | D:2      | Reached XP level 4. HP: 11/38 MP: 4/4
  2562 | D:2      | Reached XP level 5. HP: 28/43 MP: 5/5
  3071 | D:3      | Noticed Grinder
  3135 | D:3      | Killed Grinder
  3135 | D:3      | Reached skill level 5 in Fighting
  3135 | D:3      | Reached skill level 7 in Polearms
  3135 | D:3      | Reached XP level 6. HP: 52/52 MP: 6/6
  3273 | D:3      | Reached *** piety under Trog
  3488 | D:3      | Reached skill level 8 in Polearms
  3504 | D:3      | Reached XP level 7. HP: 12/59 MP: 7/7
  3505 | D:3      | HP: 2/59 [gnoll/+0 spear of flaming (6)]
  3506 | D:3      | Mangled by a gnoll

Skill      XL: |  1  2  3  4  5  6 |
---------------+-------------------+-----
Polearms       | 5 6 7 8 |  8.3
Fighting       | 4 5 6 |  6.3
Armour         | |  1.4
Dodging        | |  2.8

Action                   |  1- 3 |  4- 6 |  7- 9 || total
-------------------------+-------+-------+-------++-------
Melee: Spear             |   137 |   123 |       ||   260
Invok: Berserk           |     2 |     3 |       ||     5
 Stab: Sleeping          |     4 |     2 |       ||     6
  Eat: Chunk             |     4 |     1 |       ||     5
       Ration            |       |     2 |       ||     2
Armor: Animal skin       |    23 |    10 |       ||    33
Dodge: Dodged            |    77 |    68 |     1 ||   146
